AoeStats
← ruben.neumann

Arena

505837461Analyzed
3v3 RM · 21d ago on Sep 11, 2026· 59m 35s· 6 players
Game mode
Random Map
Map size
Normal (6 player)
Population
200
Speed
Normal
Resources
Standard
Victory
Conquest
Starting age
Dark Age
Ending age
Imperial Age
RankedLock teamsTeams togetherTeam positionsShared explorationLock speedFull tech treeHidden civsTurbo modeCheats
Victory
Defeat
🇵🇱 Byzantines · Poland
1075
+13
🇺🇦 Teutons · Ukraine
1073
+13
🇬🇧 Slavs · United Kingdom
1053
+15
🇨🇳 Spanish · China
1036
-14
🇻🇳 Khitans · Vietnam
1014
-14
🇩🇪 Poles · Germany
995
-13
ruben.neumann
12:01 Feudal Age
16:33 Castle Age
15:00 Horse Collar
15:09 Double-Bit Axe
22:05 Bow Saw
22:32 Heavy Plow
22:28 Gold Mining
24:02 Wheelbarrow
29:23 Imperial Age
27:08 Scale Barding Armor
27:14 Forging
28:42 Chain Barding Armor
28:48 Town Watch
30:07 Szlachta Privileges
32:03 Chemistry
31:28 Siege Engineers
31:39 Fortified Wall
32:25 Crop Rotation
33:41 Iron Casting
32:57 Fletching
32:32 Cavalier
33:13 Husbandry
33:23 Bloodlines
35:17 Hand Cart
38:14 Blast Furnace
58:21 Bodkin Arrow
58:27 Padded Archer Armor
58:27 Scale Mail Armor
58:05 Elite Skirmisher
easymoney
12:03 Feudal Age
16:43 Castle Age
15:08 Double-Bit Axe
15:05 Horse Collar
16:44 Stone Mining
19:09 Bow Saw
33:00 Imperial Age
31:16 Wheelbarrow
31:21 Heavy Plow
33:18 Stone Shaft Mining
32:34 Gold Mining
33:26 Hand Cart
33:27 Gold Mining
33:27 Loom
34:51 Two-Man Saw
36:19 Forging
36:09 Scale Mail Armor
36:15 Scale Barding Armor
36:11 Padded Archer Armor
36:01 Fletching
36:10 Cavalier
36:50 Husbandry
37:56 Chemistry
37:17 Ballistics
37:11 Masonry
37:20 Elite Conquistador
38:38 Conscription
39:30 Leather Archer Armor
39:31 Chain Mail Armor
39:51 Iron Casting
40:26 Paladin
41:18 Bloodlines
44:11 Blast Furnace
43:41 Plate Mail Armor
43:31 Chain Barding Armor
43:42 Plate Mail Armor
44:12 Blast Furnace
43:42 Ring Archer Armor
43:07 Bodkin Arrow
49:34 Plate Barding Armor
49:04 Bracer
50:33 Caravan
53:33 Bombard Tower
53:44 Architecture
52:51 Light Cavalry
58:33 Hussar
kyokiroto
3:47 Loom
10:44 Feudal Age
16:11 Castle Age
15:19 Double-Bit Axe
23:54 Domestication
24:25 Bow Saw
25:10 Stone Mining
25:12 Gold Mining
25:40 Pastoralism
26:47 Scale Mail Armor
26:58 Forging
28:14 Lamellar Armor
29:25 Chain Mail Armor
29:45 Iron Casting
31:09 Wheelbarrow
33:57 Imperial Age
32:12 Hand Cart
34:11 Stone Shaft Mining
34:05 Arson
34:20 Squires
34:18 Capped Ram
34:36 Elite Liao Dao
35:38 Conscription
34:52 Capped Ram
36:41 Plate Mail Armor
37:25 Two-Man Saw
36:56 Transhumance
36:22 Town Watch
36:41 Siege Ram
40:28 Town Patrol
AgEnT10101
0:28 Loom
11:26 Feudal Age
17:28 Castle Age
15:50 Stone Mining
16:25 Double-Bit Axe
16:33 Horse Collar
18:34 Bow Saw
20:11 Wheelbarrow
25:19 Heavy Plow
27:20 Hand Cart
27:26 Gold Mining
28:14 Squires
28:18 Scale Mail Armor
28:29 Forging
29:00 Gold Shaft Mining
28:50 Pikeman
33:03 Imperial Age
30:57 Town Watch
31:40 Chain Mail Armor
32:01 Iron Casting
30:49 Man-at-Arms
32:11 Town Patrol
31:49 Long Swordsman
33:49 Druzhina
34:10 Conscription
33:14 Two-Handed Swordsman
34:37 Plate Mail Armor
35:58 Blast Furnace
35:27 Champion
40:50 Two-Man Saw
40:23 Crop Rotation
39:39 Halberdier
42:22 Capped Ram
43:25 Siege Ram
48:53 Heavy Scorpion
51:46 Onager
52:39 Siege Engineers
53:35 Chemistry
52:55 Ballistics
tiwaz55
11:11 Feudal Age
15:17 Castle Age
14:48 Double-Bit Axe
20:46 Forging
22:51 Fletching
23:26 Loom
24:45 Bow Saw
24:43 Elite Skirmisher
27:43 Padded Archer Armor
28:59 Horse Collar
32:14 Heavy Plow
32:17 Gold Mining
33:53 Wheelbarrow
33:54 Bodkin Arrow
35:31 Iron Casting
35:04 Squires
35:08 Pikeman
36:10 Scale Mail Armor
38:58 Imperial Age
37:23 Chain Mail Armor
38:00 Treadmill Crane
38:47 Arson
39:21 Leather Archer Armor
40:46 Plate Mail Armor
41:20 Chemistry
39:43 Halberdier
40:25 Capped Ram
41:08 Stone Mining
41:39 Bracer
42:27 Conscription
43:45 Ring Archer Armor
44:40 Gold Shaft Mining
44:45 Stone Shaft Mining
45:28 Scale Barding Armor
48:37 Hand Cart
49:52 Chain Barding Armor
52:30 Thumb Ring
56:34 Ballistics
56:10 Murder Holes
56:27 Fortified Wall
57:10 Siege Ram
58:16 Caravan
Kolbaskin
9:46 Feudal Age
14:50 Castle Age
13:04 Double-Bit Axe
16:19 Horse Collar
17:04 Bow Saw
20:29 Heavy Plow
21:47 Wheelbarrow
25:12 Hand Cart
25:31 Gold Mining
28:46 Imperial Age
26:09 Loom
26:09 Town Watch
27:47 Gold Mining
27:47 Stone Mining
28:19 Forging
28:10 Scale Mail Armor
29:43 Iron Casting
29:49 Elite Teutonic Knight
31:03 Town Patrol
31:12 Gambesons
31:27 Squires
31:13 Arson
31:58 Ironclad
32:24 Capped Ram
34:13 Stone Shaft Mining
34:16 Hoardings
34:18 Heavy Scorpion
36:53 Bloodlines
36:04 Cavalier
40:04 Ballistics
40:45 Chemistry
39:50 Siege Engineers
39:56 Masonry
45:37 Blast Furnace
44:53 Chain Mail Armor
44:28 Fletching
44:39 Padded Archer Armor
48:28 Paladin
53:15 Plate Mail Armor
52:51 Scale Barding Armor
52:41 Bodkin Arrow
53:34 Crenellations
57:48 Chain Barding Armor
Connection lost

Rejoining the realm…

Still unreachable

The connection could not be restored.

Session expired

The server has moved on; the page needs a fresh start.